Map: Frozen Temple

Players

ArT - Winner!

  • Race: Protoss Protoss
  • League: Grandmaster

Miszu

  • Race: Terran Terran
  • League: Master

VOD

Have the link to the VOD?

Description

Time

  • Played on: April 17, 2016, 2:10 p.m.
  • Length: 6:48
Show
View Real Time Build Order
Export as new Build Order

ArT Protoss - Winner!

Build Orders: Oracle Opening 

Get SALT Encoding   

  12  0:02  Probe (Chrono Boost)  
  13  0:12  Probe (Chrono Boost)  
  14  0:17  Pylon  
  14  0:23  Probe (Chrono Boost)  
  16  0:36  Probe (Chrono Boost)  
  16  0:37  Gateway  
  16  0:45  Assimilator  
  16  0:46  Probe (Chrono Boost)  
  17  0:52  Assimilator  
  17  0:57  Probe (Chrono Boost)  
  18  1:07  Probe (Chrono Boost)  
  19  1:18  Probe (Chrono Boost)  
  20  1:24  Cybernetics Core  
  20  1:28  Probe (Chrono Boost)  
  21  1:39  Pylon, Probe (Chrono Boost)  
  22  1:49  Probe (Chrono Boost)  
  23  2:01  Adept (Chrono Boost), Stargate  
  23  2:02  Warp Gate  
  25  2:25  Nexus  
  25  2:30  Adept  
  25  2:34  Probe (Chrono Boost)  
  28  2:40  Pylon  
  29  2:51  Probe  
  29  2:58  Oracle (Chrono Boost)  
  32  3:01  Adept  
  32  3:03  Probe  
  35  3:13  Stargate  
  35  3:18  Probe  
  36  3:24  Pylon  
  36  3:31  Oracle (Chrono Boost)  
  39  3:36  Probe  
  39  3:37  Probe  
  41  3:45  Assimilator  
  41  3:47  Probe  
  41  3:49  Probe  
  43  3:59  Oracle (Chrono Boost)  
  43  4:02  Probe x2  
  48  4:06  Assimilator  
  48  4:14  Probe  
  48  4:16  Pylon  
  50  4:20  Oracle (Chrono Boost)  
  50  4:23  Probe  
  53  4:28  Probe  
  54  4:35  Probe  
  54  4:36  Oracle (Chrono Boost)  
  58  4:40  Probe  
  59  4:47  Probe  
  59  4:51  Pylon  
  60  4:53  Probe  
  60  4:56  Oracle (Chrono Boost)  
  60  4:59  Pylon  
  64  5:02  Mothership Core  
  66  5:10  Gateway  
  66  5:19  Oracle (Chrono Boost)  
  66  5:20  Probe  
  70  5:23  Probe  
  70  5:27  Oracle (Chrono Boost)  
  74  5:35  Gateway  
  74  5:38  Probe x2  
  74  5:42  Pylon  
  79  5:50  Oracle (Chrono Boost)  
  79  5:54  Gateway  
  79  5:58  Oracle (Chrono Boost)  
  82  6:12  Gateway  
  82  6:13  Pylon  
  82  6:14  Gateway  
  82  6:19  Pylon  
  82  6:39  Adept x2  
Show
View Real Time Build Order
Export as new Build Order

Miszu Terran 

Build Orders: Command Center First (CC), MMM Bio 

Get SALT Encoding   

  12  0:01  SCV  
  13  0:13  SCV  
  14  0:18  Supply Depot  
  14  0:25  SCV  
  15  0:40  SCV  
  16  0:52  SCV  
  17  1:02  Command Center  
  17  1:04  SCV  
  18  1:09  Refinery  
  18  1:16  SCV  
  19  1:19  Barracks  
  19  1:28  SCV  
  20  1:33  Barracks  
  20  1:40  SCV  
  21  1:47  Barracks  
  21  1:52  SCV  
  22  2:06  Marine, Orbital Command  
  23  2:14  Orbital Command  
  23  2:20  Marine  
  24  2:25  Marine  
  24  2:28  Bunker  
  25  2:34  SCV  
  25  2:35  Marine  
  27  2:38  Marine  
  27  2:43  Marine  
  29  2:44  SCV  
  29  2:47  Refinery  
  29  2:49  Refinery  
  29  2:51  SCV  
  29  2:53  Marine  
  29  2:58  Supply Depot  
  31  3:00  SCV  
  31  3:01  Marine  
  31  3:03  Marine  
  34  3:06  SCV  
  34  3:12  Marine, SCV  
  37  3:15  Engineering Bay  
  37  3:18  SCV  
  38  3:21  Marine  
  38  3:23  Barracks Tech Lab  
  38  3:24  SCV  
  40  3:30  SCV  
  40  3:32  Supply Depot  
  42  3:41  Marine, Missile Turret  
  42  3:43  Stimpack  
  42  3:44  SCV  
  42  3:46  SCV  
  44  3:56  SCV  
  44  4:00  SCV  
  44  4:01  Missile Turret  
  46  4:07  Factory  
  46  4:08  SCV  
  47  4:12  SCV  
  48  4:19  Marine x3  
  48  4:20  SCV  
  48  4:22  Supply Depot  
  48  4:24  SCV  
  53  4:25  Terran Infantry Weapons Level 1  
  53  4:29  Refinery  
  53  4:32  SCV  
  53  4:37  Barracks Reactor  
  53  4:38  Barracks Tech Lab  
  54  4:41  Barracks  
  54  4:42  SCV  
  54  4:43  Barracks  
  54  4:44  SCV  
  54  4:54  SCV  
  54  4:55  Marauder  
  54  4:56  SCV  
  54  4:57  Starport  
  54  4:58  Factory Reactor  
  58  5:02  Marauder  
  58  5:07  Supply Depot, SCV  
  61  5:08  SCV  
  62  5:15  Combat Shields  
  62  5:21  Refinery  
  62  5:23  Supply Depot  
  62  5:29  Marine x2, Marauder, SCV x2  
  62  5:30  Barracks Reactor, Barracks Tech Lab  
  62  5:33  Supply Depot  
  68  5:41  SCV x2  
  70  5:48  Medivac x2  
  70  5:49  Marine x2  
  75  5:50  Marine x2  
  75  5:55  Supply Depot  
  75  5:56  Supply Depot  
  78  5:57  Marauder  
  78  5:59  Factory Reactor  
  80  6:07  Marine  
  80  6:08  Marauder x2  
  85  6:13  Marine  
  85  6:16  Marine x2  
  88  6:19  Marauder  
  88  6:25  Marine  
  91  6:38  Command Center  
Tags
 
Add a new tag
Caveats
  • Supply blocks, unpowered buildings, or Contaminate may cause inaccurate times.
  • Supply counts are checked every 10 seconds.